 Dungeon Crawl Stone Soup version 0.20-a0-263-g81abdfb (webtiles) character file.

7342 yukitheduck the Fighter (level 10, -2/172 HPs)
             Began as a Troll Berserker on Dec 4, 2016.
             Was a High Priest of Trog.
             Slain by a killer bee (10 damage)
             ... on level 9 of the Dungeon.
             The game lasted 00:18:03 (7994 turns).

yukitheduck the Fighter (Troll Berserker)           Turns: 7994, Time: 00:18:03

Health: -2/172     AC: 10    Str: 35    XL:     10   Next: 91%
Magic:  9/9        EV: 10    Int:  3    God:    Trog [*****.]
Gold:   500        SH:  0    Dex: 13    Spells: 9/9 levels left

rFire  + . .     SeeInvis .     L - +0 giant spiked club
rCold  . . .     Gourm    +     x - +2 robe {MR+}
rNeg   . . .     Faith    .     (shield currently unavailable)
rPois  .         Spirit   .     D - +1 hat
rElec  .         Reflect  .     y - +1 cloak
rCorr  .         Harm     .     (gloves unavailable)
MR     +....                    (boots unavailable)
Stlth  ..........               (no amulet)
                                k - ring of protection from fire
                                v - +4 ring of dexterity

@: berserking, lethally poisoned (-2 -> -3), very slightly contaminated, very
quick
A: unfitting armour, claws 3, fast metabolism 3, gourmand, regeneration 1,
shaggy fur 1, tough skin 2
a: Berserk, Trog's Hand, Brothers in Arms, Burn Spellbooks, Renounce Religion


You were on level 9 of the Dungeon.
You worshipped Trog.
Trog was extremely pleased with you.
You were full.

You visited 1 branch of the dungeon, and saw 9 of its levels.
You also visited: Ossuary.

You collected 500 gold pieces.

Inventory:

Hand Weapons
 B - a +0 morningstar
 L - a +0 giant spiked club (weapon)
Armour
 a - a +0 animal skin
 x - a +2 robe of magic resistance (worn)
 y - a +1 cloak (worn)
 D - a +1 hat (worn)
Jewellery
 k - a ring of protection from fire (right claw)
 v - a +4 ring of dexterity (left claw)
Wands
 q - a wand of iceblast (4/15)
 z - a wand of paralysis (24/24)
 K - a wand of lightning (7/15)
 M - a wand of iceblast (10/15)
 N - a wand of acid (8/15)
Scrolls
 c - 10 scrolls of teleportation
 d - 2 scrolls of recharging
 g - 2 scrolls of noise
 h - 5 scrolls of enchant armour
 m - 3 scrolls of fog
 n - 3 scrolls of enchant weapon
 r - 2 scrolls of immolation
 s - a scroll of fear
 u - 3 scrolls of random uselessness
 E - 2 scrolls of remove curse
 J - a scroll of magic mapping
Potions
 e - 2 potions of haste
 j - a potion of heal wounds
 o - 2 potions of resistance
 p - 3 potions of flight
 t - 2 potions of magic
 w - a potion of invisibility
 A - a potion of agility
 C - 4 potions of curing
 F - 2 potions of cure mutation
 I - a potion of lignification
Books
 G - a book of Misfortune

   Spells                             Type                      Level
   a - Confusing Touch                Hexes                        1
   b - Confuse                        Hexes                        3
   c - Gell's Gravitas                Hexes/Translocation          3
   d - Petrify                        Transmutation/Earth          4
   e - Metabolic Englaciation         Hexes/Ice                    5
   f - Yara's Violent Unravelling     Hexes/Transmutation          5
   Trog disapproves of the use of such an item.
Comestibles
 b - 10 bread rations
 f - 9 fruits
 i - 2 beef jerkies
 l - 6 meat rations


   Skills:
 - Level 12.0 Fighting
 + Level 8.2 Maces & Flails
 - Level 2.4 Dodging
 - Level 3.0 Unarmed Combat


You had 9 spell levels left.
You didn't know any spells.

Dungeon Overview and Level Annotations

Branches:
Dungeon (9/15)             Temple (0/1) D:4            Lair (0/6) D:8
    Orc: D:9-12

Altars:
Elyvilon
Fedhas
Nemelex Xobeh
Okawaru
Xom
Zin


Innate Abilities, Weirdness & Mutations

You are too large for most types of armour.
You have claws for hands.
Your metabolism is lightning-fast.
You like to eat raw meat.
Your natural rate of healing is unusually fast.
You are covered in fur. (AC +1)
You have very tough skin. (AC +2)


Message History

You feel yourself moving faster!
You feel mighty!
You feel a lot less full.
You feel sick. The killer bee barely misses you. The killer bee stings you.
* * * LOW HITPOINT WARNING * * *
The killer bee stings you but does no damage.
The killer bee stings you.
* * * LOW HITPOINT WARNING * * *
You barely miss the killer bee.
The killer bee is almost dead.
You feel sick. The killer bee stings you.
* * * LOW HITPOINT WARNING * * *
The killer bee stings you.
* * * LOW HITPOINT WARNING * * *
The killer bee stings you but does no damage.
The killer bee barely misses you.
You closely miss the killer bee.
The killer bee is almost dead.
You feel sick. The killer bee stings you.
* * * LOW HITPOINT WARNING * * *
The killer bee stings you!
You die...

.....................
..........###########
..........# <.........#
..........#
..........################
..........................
..........................
#########..####y@#########
#..# ##y# #..# #.# #..# ..%
#..# .%.. #..# #...%# .>
#..####%%%.#######..
#########.....#%.%.#......#
..............######......#


You could see 2 killer bees.

Vanquished Creatures
  A queen bee (D:9)
  A hippogriff (D:8)
  Sigmund (D:3)
  9 yaks
  The ghost of worldfamousw the Poker, an amateur HOMo (D:4)
  A steam dragon (D:8)
  2 hungry ghosts
  Edmund (D:4)
  2 hell hounds (D:8)
  An ice beast (D:8)
  An orc warrior (D:6)
  A necrophage (D:8)
  3 sky beasts
  A black bear (D:6)
  3 phantoms
  3 ogres
  2 centaurs
  2 big kobolds (D:9)
  Blork the orc (D:5)
  6 bullfrogs
  A gnoll sergeant (D:8)
  A wyvern zombie (D:7)
  3 scorpions
  23 killer bees
  5 wights (D:9)
  2 centaur zombies
  A crimson imp (D:9)
  A bullfrog skeleton (D:7)
  2 hounds
  4 jellies
  A gnoll shaman (D:8)
  3 orc priests (D:6)
  2 centaur skeletons
  3 iguanas
  8 orc wizards
  5 worker ants
  3 hound skeletons
  3 mummies (Ossuary)
  A worker ant zombie (D:6)
  11 gnolls
  9 adders
  3 shadow imps
  An ooze (D:1)
  3 adder zombies (Ossuary)
  4 adder skeletons
  2 worms (D:2)
  4 leopard geckos
  16 orcs
  2 bats
  6 giant cockroaches
  A gnoll zombie (Ossuary)
  2 goblins (D:3)
  3 hobgoblins (D:1)
  5 jackals
  3 quokkas
  12 frilled lizards
  2 goblin zombies (Ossuary)
  2 hobgoblin zombies (Ossuary)
  A jackal skeleton (D:4)
  7 kobolds
  2 kobold zombies (Ossuary)
  A leopard gecko skeleton (D:5)
  2 quokka skeletons
  4 quokka zombies (Ossuary)
  7 rats
  6 rat zombies
236 creatures vanquished.

Notes
Turn   | Place    | Note
-------+----------+-------------------------------------------
     0 | D:1      | yukitheduck the Troll Berserker began the quest for the Orb.
     0 | D:1      | Reached XP level 1. HP: 22/22 MP: 0/0
   173 | D:1      | Reached XP level 2. HP: 23/29 MP: 1/1
   237 | D:1      | Reached skill level 3 in Fighting
   614 | D:2      | Reached XP level 3. HP: 24/37 MP: 2/2
   856 | D:2      | Found an iron altar of Okawaru.
  1300 | D:3      | Noticed Sigmund
  1305 | D:3      | Killed Sigmund
  1305 | D:3      | Reached ** piety under Trog
  1305 | D:3      | Reached skill level 5 in Fighting
  1305 | D:3      | Reached XP level 4. HP: 50/50 MP: 3/3
  1305 | D:3      | Reached XP level 5. HP: 57/57 MP: 4/4
  1899 | D:4      | Found a white marble altar of Elyvilon.
  2079 | D:4      | Found a staircase to the Ecumenical Temple.
  2102 | D:4      | Reached XP level 6. HP: 65/67 MP: 5/5
  2160 | D:4      | Reached skill level 6 in Fighting
  2290 | D:4      | Noticed Edmund
  2311 | D:4      | Killed Edmund
  2316 | D:4      | Reached XP level 7. HP: 76/76 MP: 6/6
  2492 | D:4      | Noticed worldfamousw's ghost (amateur HOMo)
  2507 | D:4      | Killed worldfamousw's ghost
  2507 | D:4      | Reached skill level 7 in Fighting
  2779 | D:4      | Found a sparkling altar of Nemelex Xobeh.
  3030 | D:5      | Entered Level 5 of the Dungeon
  3097 | D:5      | Noticed Blork the orc
  3107 | D:5      | Killed Blork the orc
  3226 | D:5      | Reached *** piety under Trog
  3264 | D:5      | Reached skill level 8 in Fighting
  3324 | D:5      | Found a blossoming altar of Fedhas.
  3427 | D:5      | Reached XP level 8. HP: 69/88 MP: 7/7
  3434 | D:5      | Gained mutation: Your system is resistant to poisons. (rPois) [mutagenic meat]
  3916 | D:6      | Reached skill level 9 in Fighting
  4020 | D:6      | Found a glowing silver altar of Zin.
  4463 | D:6      | Reached skill level 10 in Fighting
  4463 | D:6      | Reached XP level 9. HP: 74/101 MP: 8/8
  5321 | D:7      | Reached skill level 5 in Maces & Flails
  5680 | D:8      | Found a sand-covered staircase.
  5698 | Ossuary  | Entered an ossuary
  5705 | Ossuary  | Reached **** piety under Trog
  5968 | D:8      | Found a shimmering altar of Xom.
  5968 | D:8      | Found a shimmering altar of Xom.
  5970 | D:8      | Found a shimmering altar of Xom.
  5970 | D:8      | Found a shimmering altar of Xom.
  5970 | D:8      | Found a shimmering altar of Xom.
  5970 | D:8      | Found a shimmering altar of Xom.
  5971 | D:8      | Found a shimmering altar of Xom.
  5972 | D:8      | Found a shimmering altar of Xom.
  5981 | D:8      | Found a staircase to the Lair.
  6428 | D:8      | Reached skill level 11 in Fighting
  6711 | D:8      | Noticed a polar bear
  6718 | D:8      | Noticed a deep troll
  6757 | D:8      | Noticed a mana viper
  6864 | D:8      | Reached XP level 10. HP: 104/114 MP: 9/9
  7613 | D:9      | Reached skill level 12 in Fighting
  7637 | D:9      | Reached ***** piety under Trog
  7918 | D:9      | Lost mutation: Your system is resistant to poisons. (rPois) [potion of cure mutation]
  7994 | D:9      | HP: 8/172 [killer bee (2)]
  7994 | D:9      | Slain by a killer bee

Vault maps used:
D:1:      dpeg_arrival_erosion, minmay_misc_feat_columns, serial_bayou_crossing
D:2:      old_standard_altar
D:3:      first_bread, hex_medium, uniq_sigmund
D:4:      overflow_temple_1_default, elyvilon_altar_4,
          minmay_misc_feat_four_crosses, minmay_lizard_king, uniq_edmund
D:5:      fedhas_altar_1, uniq_blork_the_orc
D:6:      kennysheep_mini_moat
D:8:      xom_shifter_show, minmay_lair_entry_lava, enter_ossuary_4
D:9:      kennysheep_little_box, erik_orc_1, special_room
Ossuary:  ossuary_minmay_chase

Skill      XL: |  1  2  3  4  5  6  7  8  9 10 |
---------------+-------------------------------+-----
Fighting       | 3 5 6 8 10 11 12 | 12.0
Maces & Flails | 2 5 8 |  8.2
Dodging        | |  2.4
Unarmed Combat | |  3.0

Action                   |  1- 3 |  4- 6 |  7- 9 | 10-12 || total
-------------------------+-------+-------+-------+-------++-------
Melee: Unarmed           |    83 |   103 |   463 |    14 ||   663
       Punch             |     1 |     1 |     6 |     1 ||     9
       Giant spiked club |       |       |       |   173 ||   173
Invok: Berserk           |     1 |     1 |     3 |     4 ||     9
  Use: Scroll            |       |       |    18 |       ||    18
       Potion            |       |       |       |    10 ||    10
 Stab: Sleeping          |       |     1 |     1 |       ||     2
       Distracted        |       |       |     1 |       ||     1
       Invisible         |       |       |       |     9 ||     9
  Eat: Chunk             |     9 |    12 |    53 |    21 ||    95
       Royal jelly       |       |       |       |     2 ||     2
Armor: Animal skin       |    27 |     1 |       |       ||    28
       Robe              |       |    34 |   239 |   114 ||   387
       Skin              |       |       |       |    90 ||    90
Dodge: Dodged            |    51 |    40 |   211 |   147 ||   449
